AoeStats
← Minerva

Enclosed

506938454Analyzed
1v1 RM · 18d ago on Sep 15, 2026· 62m 37s· 2 players
Game mode
Random Map
Map size
Tiny (2 player)
Population
200
Speed
Normal
Resources
Standard
Victory
Conquest
Starting age
Dark Age
Ending age
Imperial Age
RankedLock teamsTeams togetherTeam positionsShared explorationLock speedFull tech treeHidden civsTurbo modeCheats
Victory
Defeat
🇨🇦 Poles · Canada
677
+14
🇫🇮 Aztecs · Finland
635
-14
Juppeli90
12:02 Feudal Age
18:55 Castle Age
18:00 Forging
18:19 Scale Mail Armor
20:35 Squires
20:37 Double-Bit Axe
20:49 Pikeman
24:28 Eagle Warrior
26:01 Chain Mail Armor
26:25 Iron Casting
26:47 Arson
30:17 Bow Saw
36:21 Imperial Age
34:03 Atlatl
34:55 Elite Skirmisher
35:31 Gambesons
35:09 Man-at-Arms
36:18 Gold Mining
36:19 Stone Mining
36:34 Padded Archer Armor
36:27 Fletching
36:11 Crossbowman
36:39 Long Swordsman
37:54 Garland Wars
37:54 Leather Archer Armor
38:29 Two-Handed Swordsman
40:11 Blast Furnace
39:36 Bodkin Arrow
40:17 Champion
44:51 Plate Mail Armor
50:20 Bracer
53:37 Arbalester
55:16 Conscription
Minerva
10:37 Feudal Age
11:40 Double-Bit Axe
14:52 Horse Collar
16:24 Loom
21:48 Castle Age
21:31 Bloodlines
22:02 Light Cavalry
23:33 Bow Saw
25:43 Heavy Plow
25:41 Crossbowman
28:46 Thumb Ring
33:18 Ballistics
34:57 Szlachta Privileges
34:59 Fletching
36:44 Bodkin Arrow
36:55 Town Watch
41:56 Imperial Age
40:23 Husbandry
41:19 Padded Archer Armor
41:25 Scale Barding Armor
41:30 Forging
41:16 Elite Skirmisher
44:02 Chemistry
43:15 Masonry
43:41 Cavalier
45:20 Crop Rotation
46:55 Chain Barding Armor
47:54 Wheelbarrow
47:22 Town Patrol
48:28 Lechitic Legacy
48:54 Winged Hussar
51:46 Bracer
53:23 Arbalester
54:19 Siege Engineers
54:48 Conscription
56:01 Leather Archer Armor
56:22 Iron Casting
56:32 Elite Obuch
60:04 Hand Cart
Connection lost

Rejoining the realm…

Still unreachable

The connection could not be restored.

Session expired

The server has moved on; the page needs a fresh start.